 Dungeon Crawl Stone Soup version 0.17.0-56-gd8de76c (webtiles) character file.

229 themokujin the Conjurer (level 5, -18/28 HPs)
             Began as a Deep Elf Conjurer on Dec 6, 2015.
             Was an Initiate of Qazlal.
             Demolished by an ogre
             ... wielding a +0 giant club
              (29 damage)
             ... on level 4 of the Dungeon.
             The game lasted 00:19:28 (3346 turns).

themokujin the Conjurer (Deep Elf Conjurer)         Turns: 3346, Time: 00:19:28

Health: -18/28     AC:  2    Str:  5    XL:     5   Next: 71%
Magic:  9/14       EV: 16    Int: 21    God:    Qazlal [......]
Gold:   138        SH:  0    Dex: 15    Spells: 2 memorised, 10 levels left

rFire  . . .     SeeInvis .     (no weapon)
rCold  . . .     Clarity  .     a - +0 robe
rNeg   . . .     SustAt   .     (no shield)
rPois  .         Gourm    .     (no helmet)
rElec  .         Spirit   .     (no cloak)
rCorr  .         Warding  .     (no gloves)
rMut   .         Stasis   .     (no boots)
MR     .....                    (no amulet)
Stlth  ++........               (no ring)
                                k - +3 ring of evasion

@: not resistant to hostile enchantments, unstealthy
A: no striking features
a: Renounce Religion


You were on level 4 of the Dungeon.
You worshipped Qazlal.
Qazlal was noncommittal.
You were not hungry.

You visited 1 branch of the dungeon, and saw 4 of its levels.

You collected 138 gold pieces.

Inventory:

Armour
 a - a +0 robe (worn)
Jewellery
 k - a +3 ring of evasion (left hand)
 n - a +5 ring of dexterity {unknown}
 q - a cursed amulet of inaccuracy {unknown}
 t - a +3 ring of intelligence {unknown}
Wands
 e - a wand of fireball (6)
Scrolls
 d - 4 scrolls of identify
 h - a scroll of enchant weapon
 j - 2 scrolls of remove curse {unknown}
 l - 2 scrolls of teleportation {unknown}
 m - a scroll of random uselessness {unknown}
 o - a scroll of enchant armour {unknown}
Potions
 f - 2 potions of curing
 g - a potion of might
 i - a potion of brilliance {unknown}
 r - a potion of poison {unknown}
Books
 b - a book of Conjurations

   Spells                             Type                      Level
   a - Magic Dart                     Conjuration                  1
   b - Searing Ray                    Conjuration                  2
   c - Dazzling Spray                 Conjuration/Hexes            3
   d - Fulminant Prism                Conjuration/Hexes            4
   e - Iskenderun's Mystic Blast      Conjuration                  4
   f - Iskenderun's Battlesphere      Conjuration/Charms           5
Comestibles
 c - 2 bread rations
 p - a chunk of flesh
 s - a meat ration


   Skills:
 - Level 2.5 Dodging
 - Level 2.7 Stealth
 + Level 4.8 Spellcasting
 * Level 6.9 Conjurations


You had 10 spell levels left.
You knew the following spells:

 Your Spells              Type           Power        Failure   Level  Hunger
a - Magic Dart            Conj           ####         1%          1    None
b - Searing Ray           Conj           ####..       1%          2    None


Dungeon Overview and Level Annotations

Branches:
Dungeon (4/15)
 Temple: D:4-7

Altars:
Ashenzari
Cheibriados
Kikubaaqudgha
Makhleb
Nemelex Xobeh
Okawaru
Qazlal
Yredelemnul
The Shining One

Shops:
D:4 *


Message History

An ogre comes into view. It is wielding a giant club.
The ogre shouts!
Casting: Magic Dart
Confirm with . or Enter, or press ? or * to list all spells.
Aiming: Searing Ray
Press: ? - help, Shift-Dir - straight line, f - ogre
Aim: an ogre, wielding a giant club The searing ray hits the ogre.
The ogre is lightly wounded.
The searing ray hits the ogre.
The ogre is moderately wounded.
The ogre hits you with a giant club!
Ouch! That really hurt!
The searing ray hits the ogre.
The ogre is heavily wounded.
The searing ray hits the ogre.
The ogre is almost dead.
The ogre hits you with a giant club!!
Ouch! That really hurt!
You die...

#≈≈≈#............#
#....).
≈≈≈#......>.....#
#......
######≈##............#
#....#.###'####......#
#.............+......#
#.............#......#
#.....##......#......#
####'########+#......#
#.....# ......O@....#
#.....# ............#
#.....# ............+
#'#####..............#
...............####+##
...............
...............
...............
.........


You could see an ogre.

Vanquished Creatures
  A hound skeleton (D:3)
  8 adders
  6 gnolls (D:2)
  3 oozes
  4 worms
  A giant gecko (D:2)
  8 bats
  A giant cockroach (D:2)
  7 goblins
  7 hobgoblins
  2 jackals (D:3)
  A ball python (D:1)
  A giant newt (D:2)
  9 kobolds
  13 rats
72 creatures vanquished.

Notes
Turn   | Place    | Note
--------------------------------------------------------------
     0 | D:1      | themokujin the Deep Elf Conjurer began the quest for the Orb.
     0 | D:1      | Reached XP level 1. HP: 10/10 MP: 6/6
    84 | D:1      | Reached XP level 2. HP: 15/15 MP: 0/8
   319 | D:1      | Reached skill level 5 in Conjurations
   483 | D:1      | Learned a level 2 spell: Searing Ray
   504 | D:2      | Reached XP level 3. HP: 19/19 MP: 0/9
   915 | D:1      | Reached XP level 4. HP: 13/24 MP: 6/11
  1268 | D:2      | Reached skill level 6 in Conjurations
  1687 | D:2      | Reached XP level 5. HP: 21/28 MP: 8/13
  2165 | D:2      | Found a sparkling altar of Nemelex Xobeh.
  2599 | D:3      | Found an ancient bone altar of Kikubaaqudgha.
  2670 | D:3      | Found a basalt altar of Yredelemnul.
  2670 | D:3      | Found a glowing golden altar of the Shining One.
  2673 | D:3      | Found an iron altar of Okawaru.
  2678 | D:3      | Found a stormy altar of Qazlal.
  2678 | D:3      | Found a shattered altar of Ashenzari.
  2678 | D:3      | Found a burning altar of Makhleb.
  2679 | D:3      | Found a snail-covered altar of Cheibriados.
  2686 | D:3      | Became a worshipper of Qazlal Stormbringer
  3258 | D:4      | Found Obleclyo's Elemental Accessories.
  3341 | D:4      | Noticed an ogre
  3346 | D:4      | Demolished by an ogre

Action                   |  1- 3 |  4- 6 || total
-------------------------+-------+-------++-------
 Cast: Magic Dart        |    62 |    63 ||   125
       Searing Ray       |     2 |    11 ||    13
  Use: Scroll            |     4 |       ||     4
       Potion            |     4 |       ||     4
  Eat: Chunk             |       |     7 ||     7
